 Dungeon Crawl Stone Soup version 0.31-a0-1-g4198be8af4 (webtiles) character file.

Game seed: 938367177485409719

2 cforsyth the Shield-Bearer (level 1, -2/19 HPs)
             Began as a Meteoran Fighter on Apr 30, 2023.
             Slain by a gnoll
             ... wielding a +0 flail
              (6 damage)
             ... on level 1 of the Dungeon.
             The game lasted 00:00:20 (23 turns).

cforsyth the Shield-Bearer (Meteoran Fighter)         Turns: 23, Time: 00:00:21

Health: -2/19      AC:  6    Str: 17    XL:     1   Next: 57%
Magic:  2/2        EV:  9    Int:  9    God:
Gold:   0          SH:  5    Dex: 13    Spells: 0/0 levels left

rFire   . . .        a - +0 flail
rCold   . . .        c - +0 buckler
rNeg    . . .        b - +0 scale mail
rPois   .            (no helmet)
rElec   .            (no cloak)
rCorr   .            (no gloves)
SInv    .            (no boots)
Will    .....        (no amulet) Stlth
                     (no ring)
HPRegen 0.23/turn    (no ring)
MPRegen 0.08/turn

%: no passive effects
@: glowing
A: sense surroundings 1, otherworldly, glowing, explore regen
a: no special abilities


You were on level 1 of the Dungeon.
You visited 1 branch of the dungeon, and saw 1 of its levels.

Inventory:

Hand Weapons
 a - a +0 flail (weapon)
Armour
 b - a +0 scale mail (worn)
 c - a +0 buckler (worn)
Potions
 d - a potion of might


   Skills:
 + Level 3.3 Fighting
 + Level 2.8 Maces & Flails
 + Level 3.6 Armour
 + Level 3.6 Shields


You couldn't memorise any spells.
You didn't know any spells.
Your spell library was empty.

Dungeon Overview and Level Annotations

Branches:
Dungeon (1/15) Zot: 571

Altars:


Innate Abilities, Weirdness & Mutations

You passively map a small area around you.
You are easily found by Zot.
You glow in the dark.
You regain HP and MP as you explore.


Message History

A frilled lizard comes into view.
The frilled lizard hisses angrily.
The bat hits you but does no damage.
You barely miss the bat. The bat hits you but does no damage.
The bat completely misses you. The bat hits you but does no damage.
The kobold shouts!
You hit the bat.
You kill the bat!
The bat hits you but does no damage.
You hit the goblin.
The goblin is moderately wounded.
The bat hits you but does no damage.
The goblin hits you but does no damage. x2
You hit the goblin.
You kill the goblin!
You block the bat's attack.
You closely miss the gnoll. The bat hits you but does no damage.
You block the bat's attack. You block the gnoll's attack.
The bat closely misses you.
You barely miss the gnoll. The bat hits you but does no damage.
The bat hits you. You block the gnoll's attack. The bat barely misses you.
The gnoll hits you with a +0 flail.
You barely miss the gnoll. You block the bat's attack.
The bat hits you but does no damage. The gnoll hits you with a +0 flail.
You hit the gnoll but do no damage. The bat hits you but does no damage. x2
The gnoll hits you with a +0 flail.
* * * LOW HITPOINT WARNING * * *
You block the bat's attack.
You barely miss the gnoll. The bat hits you.
* * * LOW HITPOINT WARNING * * *
The bat hits you.
* * * LOW HITPOINT WARNING * * *
The gnoll hits you but does no damage. x2
You hit the gnoll.
The gnoll is moderately wounded.
You block the bat's attack. The bat barely misses you.
The gnoll closely misses you.
You closely miss the gnoll.
The gnoll is moderately wounded.
You block the bat's attack. The gnoll hits you with a +0 flail.
You die...

* * * , , ...,
.... * * ... ... ,
* , ... ,,..., ,
** ... ..# 8 * *
###.###K# * ,
#.....#l# ***
.#.....#b# ,,,
...>..†g@# * *
.#.....#.###+## *
,
#.....#...'<.#****
* , ###.###..##..#
, ........##### ,
, * *##.......# ,
,, #≈####..#* ,≈ *
##.. , , ,, , #..
, *


You could see a gnoll, a bat, a kobold and a frilled lizard.

Vanquished Creatures
  2 bats (D:1)
  A goblin (D:1)
  A rat (D:1)
4 creatures vanquished.

Notes
Turn   | Place    | Note
-------+----------+-------------------------------------------
     0 | D:1      | cforsyth the Meteoran Fighter began the quest for the Orb.
     0 | D:1      | Reached XP level 1. HP: 19/19 MP: 2/2
    23 | D:1      | Slain by a gnoll

Illustrated notes

Levels and vault maps discovered:
D:1:      sevenhm_arrival_forest_fort_small_3, layout_rooms, serial_rivers,
          chequers_serial_rivers_micro_c, chequers_serial_rivers_small_b,
          chequers_serial_rivers_small_a, chequers_serial_rivers_large_b,
          chequers_serial_rivers_small_b, st_stairs_3, minmay_misc_feat_encased,
          minmay_misc_feat_four_crosses

Action                     || total
---------------------------++-------
  Melee: Flail             ||    15
 Armour: Scale mail        ||    17
  Dodge: Dodged            ||    14
  Block: Buckler           ||    11

Table legend: (Time is in decaauts)
 A = Elapsed time spent in this place.
 B = Non-inter-level travel time spent in this place.
 C = Inter-level travel time spent in this place.
 D = Time resting spent in this place.
 E = Time spent auto-exploring this place.
 F = Levels seen in this place.
 G = Mean time per level.
                   A        B        C        D        E       F      G
               +--------+--------+--------+--------+--------+-----+--------+
         Total |     27 |     27 |      0 |      0 |      4 |   1 |   27.0 |
       Dungeon |     27 |     27 |      0 |      0 |      4 |   1 |   27.0 |
               +--------+--------+--------+--------+--------+-----+--------+

Top non-repeatable levels by time:
     D:1: 27 daAuts
